AoeStats
← 陟遐自迩

MegaRandom

509676079Analyzed
4v4 RM · 4d ago on Sep 27, 2026· 60m 16s· 8 players
Game mode
Random Map
Map size
Large (8 player)
Population
200
Speed
Normal
Resources
Standard
Victory
Conquest
Starting age
Dark Age
Ending age
Imperial Age
RankedLock teamsTeams togetherTeam positionsShared explorationLock speedFull tech treeHidden civsTurbo modeCheats
Victory
Defeat
🇨🇿 Magyars · Czechia
968
+39
🇨🇿 Vietnamese · Czechia
923
+19
🇨🇿 Teutons · Czechia
922
+19
🇨🇿 Britons · Czechia
915
+19
🇩🇪 Varangians · Germany
1022
-21
🇵🇪 Bohemians · Peru
1009
-19
🇫🇷 Cumans · France
972
-18
🇧🇷 Vikings · Brazil
918
-16
Jc
0:49 Loom
12:25 Feudal Age
14:39 Fishing Lines
17:44 Castle Age
16:29 Double-Bit Axe
16:25 Horse Collar
18:36 Wheelbarrow
29:42 Fervor
29:52 Sanctity
30:04 Wagenburg Tactics
30:44 Bow Saw
33:37 Murder Holes
36:16 Imperial Age
33:53 Pikeman
34:19 Arson
Sir Tom the Tall
5:36 Loom
11:53 Feudal Age
Skibidi Bop
8:13 Loom
10:37 Feudal Age
16:50 Horse Collar
17:11 Double-Bit Axe
21:15 Castle Age
21:54 Padded Archer Armor
21:45 Fletching
22:13 Gold Mining
22:15 Stone Mining
22:38 Bow Saw
22:31 Heavy Plow
23:07 Bodkin Arrow
24:06 Wheelbarrow
25:14 Bloodlines
27:26 Forging
27:22 Scale Barding Armor
30:35 Hand Cart
32:33 Ballistics
39:12 Iron Casting
38:58 Chain Barding Armor
38:53 Leather Archer Armor
43:46 Imperial Age
41:12 Capped Ram
43:57 Siege Ram
44:03 Heavy Cavalry Archer
45:11 Parthian Tactics
45:22 Ring Archer Armor
45:54 Blast Furnace
45:30 Plate Barding Armor
44:18 Elite Steppe Lancer
47:20 Chemistry
47:11 Elite Steppe Lancer
陟遐自迩
0:30 Loom
12:54 Feudal Age
15:27 Double-Bit Axe
16:10 Fishing Lines
17:14 Wheelbarrow
21:00 Stone Mining
25:18 Castle Age
23:32 Forging
23:22 Scale Mail Armor
25:11 Fletching
25:22 Padded Archer Armor
26:00 Town Watch
26:09 Gold Mining
26:56 Stone Shaft Mining
26:22 Gillnets
26:58 Bow Saw
27:55 Squires
27:41 Arson
27:42 Gambesons
28:38 Iron Casting
30:36 Chain Mail Armor
34:42 Imperial Age
32:38 Scale Barding Armor
33:00 Hand Cart
33:23 Vendel Legacy
34:28 Chain Barding Armor
37:02 Blast Furnace
36:32 Plate Mail Armor
36:27 Conscription
35:30 Gothikon
36:12 Elite Varangian Guard
38:08 Two-Man Saw
41:25 Plate Barding Armor
40:55 Husbandry
41:07 Bloodlines
41:31 Cavalier
45:15 Chemistry
44:49 Light Cavalry
44:53 Pikeman
53:40 Hussar
58:02 Bodkin Arrow
58:23 Leather Archer Armor
60:38 Siege Engineers
60:54 Ballistics
60:14 Treadmill Crane
60:45 Masonry
Surgen
11:03 Feudal Age
12:01 Double-Bit Axe
11:59 Horse Collar
12:11 Gold Mining
17:21 Castle Age
19:39 Stone Mining
20:02 Bow Saw
20:58 Wheelbarrow
20:28 Heavy Plow
20:40 Caravan
28:56 Hand Cart
29:25 Chatras
33:04 Imperial Age
33:17 Padded Archer Armor
33:07 Fletching
33:18 Scale Mail Armor
33:23 Scale Barding Armor
33:29 Forging
33:10 Elite Rattan Archer
34:45 Elite Battle Elephant
36:54 Leather Archer Armor
36:35 Bodkin Arrow
36:57 Chain Mail Armor
38:20 Paper Money
39:54 Two-Man Saw
39:33 Stone Shaft Mining
40:57 Ring Archer Armor
40:28 Bracer
41:04 Iron Casting
42:59 Crop Rotation
43:48 Bracer
46:15 Elite Fire Lancer
ThorhammerCZ
10:27 Feudal Age
11:26 Double-Bit Axe
11:23 Horse Collar
14:17 Gold Mining
23:16 Castle Age
22:20 Padded Archer Armor
24:23 Crossbowman
25:23 Leather Archer Armor
24:58 Fletching
26:34 Gold Shaft Mining
25:50 Stone Mining
29:40 Caravan
29:58 Pikeman
36:42 Bodkin Arrow
39:21 Heavy Plow
39:33 Scale Mail Armor
39:44 Forging
49:26 Imperial Age
46:43 Town Watch
47:34 Wheelbarrow
49:50 Squires
49:10 Pikeman
52:53 Ring Archer Armor
52:23 Bracer
52:39 Chain Mail Armor
54:25 Chemistry
53:46 Ballistics
53:14 Halberdier
55:13 Elite Longbowman
59:17 Plate Mail Armor
The Offi
10:00 Feudal Age
10:44 Double-Bit Axe
10:42 Horse Collar
12:30 Loom
19:03 Scale Barding Armor
20:48 Bloodlines
22:25 Wheelbarrow
25:00 Castle Age
27:55 Husbandry
27:16 Light Cavalry
30:02 Hand Cart
31:49 Bow Saw
31:42 Heavy Plow
33:50 Thumb Ring
38:52 Imperial Age
38:23 Treadmill Crane
40:18 Parthian Tactics
40:42 Gold Mining
40:42 Stone Mining
41:58 Two-Man Saw
41:31 Crop Rotation
41:43 Ballistics
42:25 Chemistry
41:41 Cavalier
42:35 Fletching
42:50 Padded Archer Armor
43:12 Chain Barding Armor
43:28 Bodkin Arrow
44:00 Heavy Cavalry Archer
46:02 Town Watch
48:31 Hussar
49:19 Bracer
49:34 Leather Archer Armor
49:56 Plate Barding Armor
50:38 Paladin
Majk
10:46 Feudal Age
11:17 Double-Bit Axe
13:42 Stone Mining
14:41 Wheelbarrow
13:51 Loom
14:16 Horse Collar
17:43 Castle Age
15:32 Loom
19:09 Bow Saw
20:30 Heavy Plow
20:40 Town Watch
22:00 Hand Cart
22:34 Fletching
22:45 Padded Archer Armor
22:52 Scale Mail Armor
23:02 Forging
25:23 Gold Mining
26:28 Pikeman
27:09 Squires
26:54 Arson
30:10 Scale Barding Armor
34:34 Chain Barding Armor
39:04 Imperial Age
39:16 Cavalier
39:19 Halberdier
41:48 Two-Man Saw
41:21 Crop Rotation
41:49 Caravan
43:20 Heavy Scorpion
44:59 Plate Barding Armor
44:59 Iron Casting
44:15 Fletching
44:25 Padded Archer Armor
44:41 Chain Mail Armor
47:21 Paladin
48:41 Capped Ram
51:10 Plate Mail Armor
51:41 Blast Furnace
Connection lost

Rejoining the realm…

Still unreachable

The connection could not be restored.

Session expired

The server has moved on; the page needs a fresh start.